Map: [ESL] Alcyone

Players

XYXY (XY)

  • Race: Terran Terran
  • Spawn Location: 1:00

SCV - Winner!

  • Race: Protoss Protoss
  • Spawn Location: 7:00

Event: ESL SC2 Masters 2024 Spring (Regional)

VOD

Have the link to the VOD?

Description

Time

  • Played on: April 20, 2024, 9:30 a.m.
  • Length: 7:40

All games in this series

Show
View Real Time Build Order
Export as new Build Order

XYXY Terran 

Build Orders: Cyclone Opening, Gas First Reaper Expand 

Get SALT Encoding   

  12  0:00  SCV  
  13  0:12  SCV  
  14  0:16  Supply Depot  
  14  0:24  SCV  
  14  0:27  Refinery  
  15  0:38  SCV  
  16  0:43  Barracks  
  16  0:50  SCV  
  17  1:02  SCV  
  18  1:14  SCV  
  19  1:30  Orbital Command, Reaper  
  20  1:41  Command Center  
  20  1:53  Factory  
  20  1:57  SCV  
  21  2:05  Barracks Reactor  
  21  2:09  SCV  
  21  2:10  Supply Depot  
  22  2:21  SCV  
  23  2:24  Barracks  
  23  2:33  SCV  
  23  2:36  Cyclone  
  26  2:38  Refinery  
  26  2:42  Marine x2  
  28  2:45  SCV  
  29  2:53  Orbital Command  
  29  2:57  SCV  
  30  3:03  Marine x2  
  31  3:09  SCV, Factory Tech Lab  
  31  3:11  Barracks Tech Lab  
  32  3:18  SCV  
  33  3:21  Marine x2  
  33  3:25  Barracks  
  35  3:29  SCV  
  35  3:31  Marine  
  37  3:34  Siege Tank  
  37  3:36  SCV  
  37  3:40  Stimpack  
  41  3:42  SCV  
  41  3:48  SCV, Supply Depot  
  42  3:54  SCV  
  44  3:57  Supply Depot  
  44  4:01  SCV  
  45  4:06  SCV  
  45  4:09  Siege Tank  
  48  4:11  Marine  
  48  4:12  Marine  
  48  4:13  SCV  
  48  4:18  SCV  
  48  4:25  SCV  
  48  4:29  Marine  
  48  4:30  SCV  
  51  4:34  Barracks Tech Lab  
  51  4:37  Marine x2  
  51  4:38  Supply Depot  
  52  4:41  Siege Tank  
  55  4:47  Marine  
  55  4:49  SCV  
  55  4:50  SCV  
  55  4:52  Combat Shield  
  58  4:55  Marine  
  58  4:58  Supply Depot  
  59  5:01  Marine x2  
  59  5:02  SCV x2  
  63  5:13  Siege Tank  
  63  5:14  SCV x2  
  68  5:15  Marine x2  
  68  5:19  Engineering Bay, Marine x2  
  72  5:22  Supply Depot  
  72  5:26  SCV x2  
  74  5:33  Refinery  
  74  5:34  Refinery  
  74  5:35  Marine, Marauder  
  75  5:38  SCV x2, Marauder  
  77  5:48  Supply Depot  
  77  5:50  SCV  
  77  5:51  SCV  
  77  5:55  Marine  
  77  5:56  Marine, Marauder  
  82  5:59  Marauder  
  82  6:02  SCV  
  82  6:04  SCV  
  84  6:14  SCV  
  84  6:16  SCV  
  86  6:19  Marine x2  
  91  6:25  Siege Tank  
  91  6:26  SCV, Marine x2  
  91  6:27  Concussive Shells  
  91  6:28  SCV  
  94  6:34  Starport  
  94  6:36  Barracks  
  94  6:40  Barracks  
  94  6:41  Supply Depot, Marine  
  96  6:47  SCV x2  
  96  6:48  Supply Depot  
  96  6:53  Marine x2  
  99  6:55  Supply Depot  
  99  6:59  SCV, Siege Tank  
  101  7:02  Marine x2  
  94  7:10  Marine x2  
  91  7:19  Marine  
Show
View Real Time Build Order
Export as new Build Order

SCV Protoss - Winner!

Build Orders: 1 Gate Expand, Oracle Opening 

Get SALT Encoding   

  12  0:00  Probe  
  13  0:12  Probe  
  14  0:16  Pylon  
  14  0:24  Probe (Chrono Boost)  
  15  0:36  Probe (Chrono Boost)  
  15  0:37  Gateway  
  16  0:44  Probe (Chrono Boost)  
  16  0:46  Assimilator  
  17  0:51  Probe  
  18  1:03  Probe  
  19  1:15  Probe  
  20  1:22  Nexus  
  20  1:31  Cybernetics Core  
  20  1:35  Probe  
  21  1:40  Assimilator  
  21  1:47  Probe  
  21  1:49  Pylon  
  22  1:59  Probe  
  23  2:05  Adept (Chrono Boost)  
  25  2:11  Probe  
  26  2:18  Stargate  
  26  2:23  Probe  
  26  2:25  Adept (Chrono Boost)  
  29  2:31  Warp Gate  
  29  2:35  Probe (Chrono Boost)  
  31  2:41  Probe (Chrono Boost)  
  32  2:44  Probe (Chrono Boost)  
  32  2:48  Probe (Chrono Boost)  
  32  2:49  Stalker, Probe (Chrono Boost)  
  36  2:59  Probe  
  36  3:01  Probe  
  38  3:08  Oracle (Chrono Boost)  
  38  3:09  Pylon  
  38  3:12  Probe  
  42  3:13  Probe  
  43  3:24  Probe  
  43  3:25  Probe  
  45  3:30  Twilight Council  
  45  3:34  Gateway  
  45  3:36  Probe  
  45  3:37  Probe, Shield Battery  
  47  3:46  Gateway  
  47  3:47  Gateway  
  47  3:50  Probe x2  
  49  3:56  Pylon, Assimilator  
  49  4:02  Probe  
  50  4:03  Blink (Chrono Boost)  
  50  4:04  Probe  
  51  4:12  Shield Battery  
  51  4:21  Probe x2  
  51  4:22  Pylon  
  53  4:25  Stalker  
  55  4:34  Pylon, Stalker  
  57  4:42  Nexus  
  57  4:44  Pylon  
  57  4:46  Stalker  
  57  4:51  Stalker  
  61  4:55  Stalker  
  61  4:58  Pylon  
  63  5:01  Stalker  
  63  5:05  Shield Battery  
  65  5:11  Stalker  
  65  5:14  Probe x2  
  69  5:15  Stalker  
  71  5:24  Forge  
  71  5:26  Probe  
  71  5:27  Probe  
  73  5:32  Charge (Chrono Boost)  
  73  5:38  Probe  
  73  5:39  Probe  
  73  5:42  Stalker x2  
  79  5:43  Stalker  
  79  5:46  Stalker  
  79  6:05  Stalker x2  
  79  6:07  Stalker  
  79  6:10  Stalker  
  88  6:11  Probe x3  
  88  6:16  Pylon  
  90  6:23  Probe x3  
  93  6:29  Shield Battery  
  93  6:31  Pylon  
  93  6:35  Probe  
  93  6:36  Gateway  
  93  6:37  Gateway  
  93  6:39  Gateway  
  94  6:40  Gateway  
  94  6:41  Robotics Facility  
  96  6:48  Assimilator  
  96  6:50  Probe  
  97  6:56  Stalker x4  
  101  7:20  Stalker x4  
  106  7:26  Shield Battery  
  106  7:29  Pylon  
Tags
 
Add a new tag
Caveats
  • Supply blocks, unpowered buildings, or Contaminate may cause inaccurate times.
  • Supply counts are checked every 10 seconds.